 Dungeon Crawl Stone Soup version 0.31.0-11-ge490571c62 (webtiles) character file.

Game seed: 12493054105715597891

941 safid the Ruffian (level 7, -2/84 HPs)
             Began as a Red Draconian Shapeshifter on Feb 8, 2024.
             Was an Initiate of Hepliaklqana.
             Slain by Pikel
             ... wielding a +1 whip of electrocution
              (18 damage)
             ... on level 4 of the Dungeon.
             The game lasted 00:10:32 (4270 turns).

safid the Ruffian (Red Draconian Shapeshifter)      Turns: 4270, Time: 00:10:33

Health: -2/84      AC: 23    Str: 19    XL:     7   Next: 88%
Magic:  7/7        EV:  2    Int: 10    God:    Hepliaklqana [......]
Gold:   318        SH:  0    Dex: 10    Spells: 6/6 levels left

rFire   . .          .
                       - Unarmed
rCold   . . .        (no shield)
rNeg    . . .        (body armour unavailable)
rPois   +            (helmet currently unavailable)
rElec   .            (cloak currently unavailable)
rCorr   .            (gloves currently unavailable)
SInv    .            (boots currently unavailable)
Will    .....        g - amulet of the acrobat
Stlth   +            (no ring)
HPRegen 0.34/turn    (no ring)
MPRegen 0.10/turn

%: acrobat
@: short of breath, tree-form
A: stationary, stasis, torment immunity, boosted hp, (breathe fire), AC +6,
unfitting armour, (fire resistance 1), (cold-blooded)
a: Renounce Religion


You were on level 4 of the Dungeon.
You worshipped Hepliaklqana.
Hepliaklqana was noncommittal.
You were a tree.
You visited 1 branch of the dungeon, and saw 4 of its levels.

You collected 357 gold pieces.
You spent 39 gold pieces at shops.

Inventory:

Missiles
 f - a throwing net (quivered)
Jewellery
 g - an amulet of the acrobat (around neck)
Talismans
 b - a beast talisman
 c - a flux talisman
 h - a dragon-blood talisman
Wands
 i - a wand of flame (29)
 j - a wand of charming (3)
Scrolls
 d - 2 scrolls of blinking {unknown}
 e - 2 scrolls of identify {unknown}
 l - 2 scrolls of fear {unknown}
 m - a scroll of vulnerability {unknown}
 n - a scroll of noise {unknown}
Potions
 k - 3 potions of curing
 o - 2 potions of haste {unknown}


   Skills:
 + Level 2.8 Fighting
 - Level 2.0 Dodging
 + Level 7.9 Unarmed Combat
 * Level 5.2 Shapeshifting


You had 6 spell levels left.
You didn't know any spells.
Your spell library contained the following spells:

 Spells                   Type           Power      Damage    Failure   Level
 Scorch                   Fire           0%         2d5       50%         2
 Flame Wave               Conj/Fire      0%         2d4       98%         4
 Summon Cactus Giant      Summ           0%         N/A       100%        6


Dungeon Overview and Level Annotations

Branches:
Dungeon (4/15)
 Temple: D:4-7

Altars:
Cheibriados
Hepliaklqana
Nemelex Xobeh
Vehumet
Wu Jian
Yredelemnul
The Shining One

Shops:
D:2 !   D:3 :

Annotations:
D:4 Pikel


Innate Abilities, Weirdness & Mutations

You are a tree.
Your roots penetrate the ground, keeping you stationary.
You cannot be teleported.
You are immune to unholy pain and torment.
Your maximum health is greatly increased.
Your equipment is partially melded.
((You can breathe blasts of fire.))
((Your fiery red scales are hard. (AC +6)))
You cannot fit into any form of body armour.
((Your flesh is heat resistant. (rF+)))
((You are cold-blooded and may be slowed by cold attacks.))


Message History

The lemure is heavily wounded.
Aiming: Breathe Fire (5% risk of failure)
Press: ? - help, Shift-Dir - straight line, f - Pikel
Aim: Pikel, wielding a +1 whip of electrocution, wearing a +0 robe and carrying a wand of mindburst (60% to hit)
You breathe a blast of fire.
The fiery breath hits Pikel!
Pikel is moderately wounded.
The fiery breath hits the lemure!
The lemure is severely wounded.
The fiery breath hits the ball python!
You kill the ball python!
Unknown command.
Your transformation has ended.
You turn into a tree.
Your roots penetrate the ground.
Pikel zaps a wand.
Your mind is blasted!
Unknown command.
You hit Pikel but do no damage.
Pikel is moderately wounded.
Pikel hits you but does no damage.
You completely miss Pikel.
Pikel is moderately wounded.
You closely miss Pikel.
Pikel is moderately wounded.
Pikel barely misses you.
You barely miss Pikel.
Pikel is moderately wounded.
Pikel zaps a wand.
Your mind is blasted!
* * * LOW HITPOINT WARNING * * *
Unknown command.
You smack Pikel!
Pikel is severely wounded.
Pikel zaps a wand.
Your mind is blasted!
* * * LOW HITPOINT WARNING * * *
Unknown command.
You closely miss Pikel. You punch Pikel!
Pikel is almost dead.
Pikel hits you with a +1 whip of electrocution.
* * * LOW HITPOINT WARNING * * *
You are electrocuted!!
You die...
Pikel says, "Another soul for the market."

##......##
#...
#..#.)#..#
#...
#...##...#
##._
#...##...# #..
#..#..#..# ###
##......## # #
##....## ..#
####'####55$..
+.....♣K5s#.#.
########5l.#.$
.#.#. $.$. ...
#+


You could see Pikel, 4 lemures, a scorpion and an iguana.

Vanquished Creatures
  Pargi (D:4)
  A black bear (D:4)
  A phantom (D:4)
  2 scorpions
  A howler monkey (D:4)
  An orc priest (D:3)
  A hound (D:4)
  A sleepcap (D:4)
  An orc wizard (D:3)
  Natasha (thrice) (D:2)
  12 gnolls
  8 adders
  A ribbon worm (D:3)
  2 dart slugs (D:1)
  14 orcs (D:3)
  9 ball pythons
  5 bats
  7 endoplasms
  6 giant cockroaches
  8 goblins
  6 hobgoblins
  5 jackals (D:2)
  6 quokkas
  4 frilled lizards
  47 kobolds
  4 rats
157 creatures vanquished.

Notes
Turn   | Place    | Note
-------+----------+-------------------------------------------
     0 | D:1      | safid the Draconian Shapeshifter began the quest for the
                  | Orb.
     0 | D:1      | Reached XP level 1. HP: 16/16 MP: 1/1
   255 | D:1      | Reached XP level 2. HP: 23/23 MP: 2/2
   704 | D:1      | Reached XP level 3. HP: 28/28 MP: 3/3
   737 | D:1      | Found a faded altar of an unknown god.
  1140 | D:2      | Noticed Natasha
  1149 | D:2      | Killed Natasha
  1150 | D:2      | Reached XP level 4. HP: 30/35 MP: 4/4
  1178 | D:2      | Reached skill level 4 in Unarmed Combat
  1300 | D:2      | Noticed Natasha
  1310 | D:2      | Killed Natasha
  1333 | D:2      | Noticed Natasha
  1350 | D:2      | Killed Natasha
  1351 | D:2      | Reached XP level 5. HP: 6/40 MP: 5/5
  1728 | D:2      | Found Zahilifo's Distillery.
  1803 | D:2      | Bought a potion of curing for 39 gold pieces
  1891 | D:2      | Reached skill level 5 in Unarmed Combat
  2441 | D:3      | Reached XP level 6. HP: 48/48 MP: 6/6
  2484 | D:3      | Found Fuomuluu's Vocational Training.
  2632 | D:3      | Found an ornate altar of the Wu Jian Council.
  2672 | D:3      | Found a glowing golden altar of the Shining One.
  2701 | D:3      | Reached skill level 6 in Unarmed Combat
  3516 | D:3      | Your scales start taking on a fiery red colour.
  3516 | D:3      | Reached XP level 7. HP: 49/55 MP: 7/7
  3516 | D:3      | Gained mutation: Your flesh is heat resistant. (rF+) [Red
                  | Draconian growth]
  3686 | D:4      | Noticed Pargi
  3703 | D:4      | Killed Pargi
  3704 | D:4      | Reached skill level 7 in Unarmed Combat
  3886 | D:4      | Found a radiant altar of Vehumet.
  3886 | D:4      | Found a sparkling altar of Nemelex Xobeh.
  3896 | D:4      | Found a hazy altar of Hepliaklqana.
  3897 | D:4      | Found a snail-covered altar of Cheibriados.
  3899 | D:4      | Found a basalt altar of Yredelemnul.
  3998 | D:4      | Became a worshipper of Hepliaklqana the Forgotten
  4036 | D:4      | Reached skill level 5 in Shapeshifting
  4257 | D:4      | Noticed Pikel
  4270 | D:4      | Slain by Pikel

Illustrated notes

Levels and vault maps discovered:
D:1:      tarquinn_simple_flora_water_a, layout_basic, basic_ecumenical_altar
D:2:      layout_loops_ring, serial_shops, shop, nicolae_twisty_statue_hallways,
          uniq_natasha
D:3:      minmay_goblin_kobold_castle, layout_basic,
          nicolae_overflow_crystal_walls, amcnicky_altar_gilded,
          nicolae_shop_vocational
D:4:      minmay_polygon_palace, layout_loops_ring, grunt_temple_overflow_open,
          uniq_pikel, uniq_pargi

Skill      XL: |  1  2  3  4  5  6  7 |
---------------+----------------------+-----
Dodging        | 2 |  2.0
Unarmed Combat | 4 5 6 7 |  7.9
Shapeshifting  | 4 5 |  5.2
Fighting       | 2 |  2.8

Action                     |  1- 3 |  4- 6 |  7- 9 || total
---------------------------+-------+-------+-------++-------
  Melee: Unarmed           |    88 |   257 |    69 ||   414
         Tailslap          |    13 |    25 |    13 ||    51
         Punch             |     2 |     5 |     4 ||    11
Ability: Breathe Fire      |       |       |     2 ||     2
    Use: Potion            |       |       |     1 ||     1
   Stab: Sleeping          |     1 |       |       ||     1
 Armour: Skin              |    41 |   143 |    56 ||   240
  Dodge: Dodged            |    48 |   179 |    53 ||   280
